 Dungeon Crawl Stone Soup version 0.27.0-1-g7a089689b8 (webtiles) character file.

Game seed: 1910056266287129816

70 hawla the Magician (level 4, -2/34 HPs)
             Began as a Djinni Fire Elementalist on July 31, 2021.
             Slain by a gnoll (11 damage)
             ... on level 4 of the Dungeon.
             The game lasted 00:07:36 (2381 turns).

hawla the Magician (Djinni Fire Elementalist)       Turns: 2381, Time: 00:07:37

Health: -2/34      AC:  7    Str:  7    XL:     4   Next: 45%
Gold:   174        EV: 12    Int: 18    God:
                   SH:  0    Dex: 13

rFire    + + .     SeeInvis .   (no weapon)
rCold    x . .     Faith    .   (no shield)
rNeg     . . .     Spirit   .   a - +2 robe
rPois    ∞         Reflect  .   h - +2 helmet
rElec    .         Harm     .   (no cloak)
rCorr    .         Rampage  .   (no gloves)
Will     .....                  (boots unavailable)
Stlth    ++........             (no amulet)
HPRegen  0.11/turn              (no ring)
MPRegen  0.00/turn              (no ring)

@: mighty, brilliant, flying
A: sickness immunity, fire resistance 2, cold vulnerability 1, float, innate
caster, hp casting, extra vitality 1
a: no special abilities


You were on level 4 of the Dungeon.
You visited 1 branch of the dungeon, and saw 4 of its levels.

You collected 174 gold pieces.

Inventory:

Missiles
 c - 5 curare-tipped darts
 g - 5 boomerangs
Armour
 a - a +2 robe (worn)
 h - a +2 helmet (worn)
Jewellery
 i - a ring of fire
Potions
 d - a potion of magic
 e - 2 potions of brilliance
 j - a potion of flight {unknown}


   Skills:
 + Level 2.5 Fighting
 - Level 2.1 Dodging
 - Level 1.5 Stealth
 + Level 3.2 Spellcasting


You couldn't memorise any spells.
You knew the following spells:

 Your Spells              Type           Power      Damage    Failure   Level
a - Foxfire               Conj/Fire      84%        2x1d8     4%          1
b - Conjure Flame         Conj/Fire      21%        6-21      13%         3
c - Inner Flame           Hex/Fire       21%        N/A       13%         3
d - Sticky Flame          Conj/Fire      21%        2d4       38%         4
e - Fireball              Conj/Fire      10%        3d6       75%         5
f - Magic Dart            Conj           84%        1d7       4%          1
Your spell library was empty.

Dungeon Overview and Level Annotations

Branches:
Dungeon (4/15)
 Temple: D:4-7

Altars:
Makhleb

Shops:
D:4 =


Innate Abilities, Weirdness & Mutations

You are immune to sickness and miasma.
You are immune to poison.
Your flesh is very heat resistant. (rF++)
You are vulnerable to cold. (rC-)
You float through the air rather than walking.
You learn spells naturally, not from books.
Your magical power is your life essence.
You have superior vitality. (+4 HP)


Message History

The gnoll barely misses you. The gnoll closely misses you.
The necrophage hits you. The gnoll hits you with a +0 whip.
Casting: Foxfire (safe; 4% risk of failure)
Confirm with . or Enter, or press ? or * to list all spells.
You feel a surge of power!
You conjure some foxfire!
The gnoll completely misses you.
The gnoll hits you from afar with a +0 spear.
The necrophage hits you but does no damage.
The gnoll hits you but does no damage.
Casting: Foxfire (safe; 4% risk of failure)
Confirm with . or Enter, or press ? or * to list all spells.
Aiming: Magic Dart (safe; 4% risk of failure)
Press: ? - help, Shift-Dir - straight line, f/p - gnoll
Aim: a gnoll, wielding a +0 halberd and carrying a wand of iceblast (3) (100% to hit)
You feel a surge of power!
The magic dart hits the gnoll.
The gnoll is lightly wounded.
The foxfire hits the gnoll.
The gnoll is moderately wounded.
The foxfire hits the gnoll.
The gnoll is moderately wounded.
The gnoll closely misses you.
The gnoll hits you from afar with a +0 spear.
The necrophage hits you.
* * * LOW HITPOINT WARNING * * *
The gnoll completely misses you.
You aren't carrying any scrolls.
It was a potion of might.
You feel very mighty all of a sudden. The gnoll barely misses you.
The gnoll hits you from afar with a +0 spear.
* * * LOW HITPOINT WARNING * * *
The necrophage hits you but does no damage.
The gnoll closely misses you.
You struggle against the net.
The gnoll hits you but does no damage. The gnoll barely misses you.
The necrophage hits you but does no damage.
The gnoll hits you but does no damage.
You rip the net and break free!
The gnoll hits you from afar with a +0 halberd!
You die...

#### #.#.#..## ....
#.#.#....
..##########.#......
...................#
####.#..#........##
#.......##.<......#
##.......#.........#
#.#..>...............#
#....@.......#...#...#
#...ng.......#####...#
#...g.g....### ####
#............#
#............#
#............#
#.............
..............


You could see a necrophage and 3 gnolls.

Vanquished Creatures
  A gnoll (D:4)
  2 adders (D:2)
  An orc (D:3)
  4 endoplasms
  3 giant cockroaches
  4 goblins
  4 hobgoblins
  4 jackals (D:1)
  A quokka (D:1)
  2 ball pythons
  3 bats (D:1)
  2 frilled lizards (D:1)
  3 kobolds (D:1)
  6 rats
40 creatures vanquished.

Vanquished Creatures (others)
  93 foxfires
93 creatures vanquished.

Grand Total: 133 creatures vanquished

Notes
Turn   | Place    | Note
-------+----------+-------------------------------------------
     0 | D:1      | hawla the Djinni Fire Elementalist began the quest for the
                  | Orb.
     0 | D:1      | Reached XP level 1. HP: 15/15 MP: 0/0
   404 | D:1      | Reached skill level 1 in Fighting
   404 | D:1      | Reached XP level 2. HP: 19/22 MP: 0/0
   796 | D:1      | Reached XP level 3. HP: 18/27 MP: 0/0
   796 | D:1      | Learned a level 1 spell: Magic Dart
  1344 | D:2      | Reached skill level 3 in Spellcasting
  1416 | D:2      | Reached XP level 4. HP: 30/33 MP: 0/0
  1617 | D:2      | Found a faded altar of an unknown god.
  1881 | D:3      | Found a burning altar of Makhleb.
  2360 | D:4      | Found Xofanule's Jewellery Shoppe.
  2368 | D:4      | Noticed a necrophage
  2381 | D:4      | Slain by a gnoll

Illustrated notes

Levels and vault maps discovered:
D:1:      dpeg_arrival_long_road, layout_basic
D:2:      layout_rooms, dreamdust_ecumenical_altar_angels_and_demons
D:3:      layout_basic, mainiacjoe_overflow_boulevard
D:4:      layout_cave_pools, grunt_temple_overflow_order_and_chaos_1,
          bloody_trog, mainiacjoe_overflow_surrounded_room, serial_shops,
          nicolae_inconvenience_store

Skill      XL: |  1  2  3 |
---------------+----------+-----
Fighting       | 1 2 |  2.5
Spellcasting   | 3 |  3.2
Dodging        | |  2.1
Stealth        | |  1.5

Action                   |  1- 3 |  4- 6 || total
-------------------------+-------+-------++-------
 Cast: Foxfire           |    38 |    13 ||    51
       Magic Dart        |    10 |     5 ||    15
  Use: Scroll            |     3 |       ||     3
       Potion            |       |     5 ||     5
Armor: Robe              |     5 |     7 ||    12
Dodge: Dodged            |    20 |    10 ||    30
